 Dungeon Crawl Stone Soup version 0.13-a0-1693-g8ac13c1 (webtiles) character file.

118 Kae the Chiller (level 3, 0/24 HPs)
             Began as a Demonspawn Ice Elementalist on June 20, 2013.
             Slain by a hobgoblin
             ... wielding a +0,+0 orcish club
              (2 damage)
             ... on Level 3 of the Dungeon on June 21, 2013.
             The game lasted 00:03:26 (1540 turns).

Kae the Chiller (Demonspawn Ice Elementalist)       Turns: 1540, Time: 00:03:26

HP   0/24        AC  4     Str  8      XL: 3   Next: 39%
MP   1/6         EV 17     Int 17      God:
Gold 74          SH  2     Dex 18      Spells:  2 memorised,  2 levels left

Res.Fire  : . . .   See Invis. : .   (no weapon)
Res.Cold  : . . .   Warding    : .   a - +0 robe
Life Prot.: . . .   Conserve   : .   (no shield)
Res.Poison: .       Res.Corr.  : .   (helmet restricted)
Res.Elec. : .       Clarity    : .   (no cloak)
Sust.Abil.: . .     Spirit.Shd : .   (no gloves)
Res.Mut.  : .       Stasis     : .   (no boots)
Res.Rott. : .       Flight     : .   (no amulet)
Saprovore : . . .                    (no ring)
                                     (no ring)

@: agile, not resistant to hostile enchantments, quite stealthy
A: antennae 1, AC +2, SH +2
a: no special abilities


You were on level 3 of the Dungeon.
You were not hungry.

You visited 1 branch of the dungeon, and saw 3 of its levels.

You collected 54 gold pieces.

Inventory:

Armour
 a - a +0 robe (worn)
Comestibles
 c - a bread ration
 o - a meat ration
Scrolls
 h - a scroll of enchant armour {unknown}
 i - a scroll of identify
 n - a scroll of teleportation {unknown}
 p - a scroll of recharging {unknown}
 q - a scroll of curse weapon {unknown}
Jewellery
 s - an uncursed ring of protection from magic
Potions
 d - a potion of cure mutation {unknown}
 e - a potion of speed {unknown}
 g - a potion of heal wounds {unknown}
 r - a potion of restore abilities {unknown}
Books
 b - a book of Frost

   Spells                             Type                      Level
   *Freeze                            Ice                          1
   *Throw Frost                       Conjuration/Ice              2
   Ozocubu's Armour                   Charms/Ice                   3
   Throw Icicle                       Conjuration/Ice              4
   Summon Ice Beast                   Ice/Summoning                4
   Condensation Shield                Ice                          4


   Skills:
 - Level 1.7 Dodging
 - Level 1.7 Stealth
 + Level 1.5 Spellcasting
 * Level 1.9 Conjurations
 * Level 3.4 Ice Magic


You had 2 spell levels left.
You knew the following spells:

 Your Spells              Type           Power        Failure   Level  Hunger
a - Freeze                Ice            ##..         6%          1    ##.....
b - Throw Frost           Conj/Ice       ##....       12%         2    ###....


Dungeon Overview and Level Annotations

Branches:
Dungeon (3/27)

Altars:


Innate Abilities, Weirdness & Mutations

You have a pair of small antennae on your head.
You are partially covered in large bone plates (AC +2, SH +2).


Message History

* * * LOW HITPOINT WARNING * * *
Read which item? (? for menu, Esc to quit)
As you read the scroll labeled YWACKETT RAQE GRIE, it crumbles to dust.
Your hands very briefly gain a green sheen.
It was a scroll of enchant weapon I.
The hobgoblin hits you with an orcish club.
* * * LOW HITPOINT WARNING * * *
The adder bites you but does no damage.
Drink which item? (? for menu, Esc to quit)
You feel more agile all of a sudden.
It was a potion of agility.
The hobgoblin hits you but does no damage.
The adder misses you.
Drink which item? (? for menu, Esc to quit)
You feel agile all of a sudden.
* * * LOW HITPOINT WARNING * * *
You feel sick.
You feel better.
The hobgoblin hits you with an orcish club.
You die...

#.....# #.....#
##.....# ......#
#.....# #.....#
#.....# #S# #@#
.########g#######
...S..............
.########.#######
#.# #.# #.# #.#
###### #.# #....#


You could see an adder and a hobgoblin.

Vanquished Creatures
  An adder (D:2)
  A ball python (D:1)
  5 goblins
  10 kobolds
  An ooze (D:3)
  7 bats
  A giant cockroach (D:2)
  3 giant newts (D:1)
  3 jackals (D:2)
  7 rats
39 creatures vanquished.

Vanquished Creatures (others)
  A jackal (D:2)
1 creature vanquished.

Grand Total: 40 creatures vanquished

Notes
Turn   | Place    | Note
--------------------------------------------------------------
     0 | D:1      | Kae, the Demonspawn Ice Elementalist, began the quest for the Orb.
     0 | D:1      | Reached XP level 1. HP: 13/13 MP: 3/3
   299 | D:1      | Reached skill level 3 in Ice Magic
   301 | D:1      | Gained mutation: You have a pair of small antennae on your head. [demonic ancestry]
   301 | D:1      | Reached XP level 2. HP: 19/19 MP: 2/4
   342 | D:1      | Learned a level 2 spell: Throw Frost
   972 | D:2      | Gained mutation: You are partially covered in large bone plates (AC +2, SH +2). [demonic ancestry]
   972 | D:2      | Reached XP level 3. HP: 20/24 MP: 4/6
  1540 | D:3      | Slain by a hobgoblin

Action                   || total
-------------------------++-------
Melee: Unarmed           ||    43
 Cast: Freeze            ||    54
  Use: Scroll            ||     7
       Potion            ||     2
 Stab: Sleeping          ||     1
